 Dungeon Crawl Stone Soup version 0.23.2-33-g5129a83184 (webtiles) character file.

Game seed: 14296918542122182655

930 Felnil the Skirmisher (level 7, -7/58 HPs)
             Began as a Mummy Fighter on Aug 8, 2019.
             Was an Initiate of Trog.
             Mangled by an ogre
             ... wielding a cursed -3 giant club
              (23 damage)
             ... on level 4 of the Dungeon.
             The game lasted 00:13:23 (5108 turns).

Felnil the Skirmisher (Mummy Fighter)               Turns: 5108, Time: 00:13:24

Health: -7/58      AC:  9    Str: 22    XL:     7   Next: 86%
Magic:  2/2        EV:  7    Int:  7    God:    Trog [......]
Gold:   179        SH: 10    Dex: 13    Spells: 6/6 levels left

rFire    x . .     SeeInvis .   n - +2 dagger (antimagic)
rCold    + . .     Gourm    .   c - +0 shield
rNeg     + + +     Faith    .   b - +0 scale mail
rPois    ∞         Spirit   .   i - +0 helmet
rElec    .         Reflect  .   m - +0 cloak
rCorr    +         Harm     .   (no gloves)
MR       .....                  (no boots)
Stlth    ..........             (no amulet)
HPRegen  0.19/turn              h - +2 ring of strength
MPRegen  0.08/turn              o - ring of resist corrosion

@: no status effects
A: no food or potions, fire vulnerability, cold resistance 1, negative energy
resistance 3, torment resistance, unbreathing
a: Renounce Religion


You were on level 4 of the Dungeon.
You worshipped Trog.
Trog was noncommittal.
You were not hungry.

You visited 1 branch of the dungeon, and saw 4 of its levels.

You collected 179 gold pieces.

Inventory:

Hand Weapons
 a - a +0 war axe
 g - a +0 hand axe of freezing
 n - a +2 antimagic dagger (weapon)
Armour
 b - a +0 scale mail (worn)
 c - a +0 shield (worn)
 i - a +0 helmet (worn)
 m - a +0 cloak (worn)
Jewellery
 h - a +2 ring of strength (left hand)
 o - a ring of resist corrosion (right hand)
Scrolls
 d - 2 scrolls of enchant armour
 j - 5 scrolls of remove curse


   Skills:
 + Level 6.0 Fighting
 - Level 1.5 Axes
 + Level 4.9 Armour
 + Level 4.9 Shields


You had 6 spell levels left.
You didn't know any spells.
Your spell library was empty.

Dungeon Overview and Level Annotations

Branches:
Dungeon (4/15)             Temple (0/1) D:4

Altars:
Makhleb
Trog
Yredelemnul

Annotations:
D:4 Pikel


Innate Abilities, Weirdness & Mutations

You do not eat or drink.
Your flesh is vulnerable to fire.
You are immune to poison.
Your flesh is cold resistant. (rC+)
You are immune to negative energy. (rN+++)
You are immune to unholy pain and torment.
You can survive without breathing.


Message History

The ogre hits you with a cursed -3 giant club!
* * * LOW HITPOINT WARNING * * *
You hit the ogre.
The ogre is lightly wounded.
The ogre hits you but does no damage.
You hit the ogre.
The ogre is moderately wounded.
You block the ogre's attack.
You hit the ogre.
The ogre is severely wounded.
You hit the ogre.
The ogre is severely wounded.
The ogre barely misses you.
Your shield and scale mail prevent you from hitting the ogre.
The ogre is severely wounded.
The ogre barely misses you.
You hit the ogre.
The ogre is severely wounded.
The ogre hits you with a cursed -3 giant club!!
You die...

******** #.# *,*
#.# *,* #.# *,*
#.# *,* #.# *,*
#.# *,* #.# *,*
#.############**,*
#.....@O......,,,*
##############**,*
*,* ***


You could see an ogre.

Vanquished Creatures
  Sigmund (D:4)
  A slave (D:4)
  2 eyes of draining (D:3)
  A black bear (D:4)
  A phantom (D:3)
  A scorpion (D:4)
  A howler monkey (D:4)
  A hound (D:3)
  A bullfrog skeleton (D:4)
  Natasha (D:4)
  An iguana (D:4)
  3 worker ants (D:4)
  A gnoll (D:3)
  5 adders
  2 oozes
  3 worms (D:2)
  3 dart slugs
  3 leopard geckos
  2 orcs
  2 ball pythons
  9 bats
  5 giant cockroaches
  11 goblins
  6 hobgoblins
  4 jackals (D:1)
  7 kobolds
  6 frilled lizards
  A quokka skeleton (D:4)
  5 rats
90 creatures vanquished.

Notes
Turn   | Place    | Note
-------+----------+-------------------------------------------
     0 | D:1      | Felnil the Mummy Fighter began the quest for the Orb.
     0 | D:1      | Reached XP level 1. HP: 18/18 MP: 1/1
   175 | D:1      | Reached XP level 2. HP: 22/24 MP: 2/2
   632 | D:1      | Reached XP level 3. HP: 29/29 MP: 3/3
  1370 | D:2      | Reached XP level 4. HP: 35/37 MP: 4/4
  1657 | D:3      | Reached skill level 4 in Fighting
  1936 | D:3      | Noticed an eye of draining
  1984 | D:3      | Killed an eye of draining
  1984 | D:3      | Reached XP level 5. HP: 43/43 MP: 1/5
  1998 | D:3      | Noticed an eye of draining
  1999 | D:3      | Found a bloodstained altar of Trog.
  2713 | D:3      | Found a burning altar of Makhleb.
  2728 | D:3      | Reached XP level 6. HP: 42/49 MP: 2/6
  2937 | D:3      | Became a worshipper of Trog the Wrathful
  3263 | D:4      | Reached skill level 5 in Fighting
  3551 | D:4      | Reached XP level 7. HP: 21/56 MP: 7/7
  3986 | D:4      | Found a basalt altar of Yredelemnul.
  3993 | D:4      | Noticed Natasha
  4003 | D:4      | Noticed Sigmund
  4200 | D:4      | Killed Natasha
  4806 | D:4      | Killed Sigmund
  4986 | D:4      | Found a staircase to the Ecumenical Temple.
  4988 | D:4      | Noticed Pikel
  5021 | D:4      | Reached skill level 6 in Fighting
  5108 | D:4      | Mangled by an ogre

Skill      XL: |  1  2  3  4  5  6  7 |
---------------+----------------------+-----
Shields        | 3 4 |  4.9
Armour         | 3 4 |  4.9
Fighting       | 4 5 6 |  6.0
Axes           | |  1.5

Action                   |  1- 3 |  4- 6 |  7- 9 || total
-------------------------+-------+-------+-------++-------
Melee: War axe           |    12 |       |       ||    12
       Hand axe          |   108 |   100 |    57 ||   265
       Dagger            |       |   163 |    88 ||   251
  Use: Scroll            |     3 |     3 |     3 ||     9
Armor: Scale mail        |    53 |    93 |    66 ||   212
Dodge: Dodged            |    38 |    67 |    33 ||   138
Block: Shield            |    49 |   117 |    63 ||   229
